 Dungeon Crawl Stone Soup version 0.26-a0-667-g92642533e4 (webtiles) character file.

Game seed: 9086630129524539139

109 mandarbmax the Insei (level 4, -10/35 HPs)
             Began as a Draconian Transmuter on Oct 17, 2020.
             Was an Initiate of Nemelex Xobeh.
             Killed from afar by Natasha (11 damage)
             ... with a puff of flame
             ... on level 2 of the Dungeon.
             The game lasted 00:08:12 (2467 turns).

mandarbmax the Insei (Draconian Transmuter)         Turns: 2467, Time: 00:08:12

Health: -10/35     AC:  2    Str: 11 (12) XL:     4   Next: 60%
Magic:  5/7        EV: 19    Int: 10 (13) God:    Nemelex Xobeh [......]
Gold:   139        SH:  0    Dex: 17 (18) Spells: 1/7 levels left

rFire    . . .     SeeInvis .     - Unarmed
rCold    . . .     Faith    .   (shield currently unavailable)
rNeg     . . .     Spirit   .   (armour unavailable)
rPois    x         Reflect  .   (helmet currently unavailable)
rElec    .         Harm     .   (cloak currently unavailable)
rCorr    .         Rampage  .   (gloves currently unavailable)
MR       .....                  (boots currently unavailable)
Stlth    +.........             (no amulet)
HPRegen  0.11/turn              l - ring of attention (curse)
MPRegen  0.10/turn              (no ring)

@: spider-form (expiring)
A: tiny, unfitting armour, AC +5
a: End Transformation, Draw Escape, Draw Destruction, Draw Summoning, Renounce
Religion


You were on level 2 of the Dungeon.
You worshipped Nemelex Xobeh.
Nemelex Xobeh was noncommittal.
You were a venomous arachnid creature.
You visited 1 branch of the dungeon, and saw 2 of its levels.

You collected 139 gold pieces.

Inventory:

Armour
 e - a +0 pair of boots (melded)
Jewellery
 l - a cursed ring of attention (left front leg)
Scrolls
 b - a scroll of fog {unknown}
 c - a scroll of enchant weapon {unknown}
 d - a scroll of blinking {unknown}
 f - a scroll of identify {unknown}
 g - a scroll of amnesia {unknown}
 h - a scroll of remove curse {unknown}
 k - a scroll of teleportation {unknown}


   Skills:
 + Level 1.1 Fighting
 - Level 2.0 Dodging
 * Level 4.0 Unarmed Combat
 - Level 2.0 Spellcasting
 - Level 4.0 Transmutations


You had one spell level left.
You knew the following spells:

 Your Spells              Type           Power        Failure   Level
a - Beastly Appendage     Tmut           #.....       17%         1
b - Wereblood             Tmut           #.......     22%         2
c - Spider Form           Tmut/Pois      #.........   61%         3

Your spell library contained the following spells:

 Spells                   Type           Power        Failure   Level
 Ice Form                 Ice/Tmut       #.......     92%         4
 Blade Hands              Tmut           #.........   95%         5


Dungeon Overview and Level Annotations

Branches:
Dungeon (2/15)

Altars:
Nemelex Xobeh

Annotations:
D:2 Natasha


Innate Abilities, Weirdness & Mutations

((Your plain brown scales are hard. (AC +5)))
You cannot fit into any form of body armour.
((You are cold-blooded and may be slowed by cold attacks.))


Message History

You hit Natasha.
Natasha is moderately wounded.
Natasha completely misses you.
You hit Natasha.
Natasha is heavily wounded.
The white imp misses you.
Natasha zaps a wand.
The puff of flame hits you!
* * * LOW HITPOINT WARNING * * *
It was a potion of degeneration.
There was something very wrong with that liquid.
You feel weakened.
You feel dopey.
You feel clumsy. The white imp barely misses you. Natasha barely misses you.
You barely miss Natasha.
Natasha is moderately wounded.
The white imp completely misses you.
Natasha mumbles some strange words.
You hit Natasha.
Natasha is poisoned.
Natasha is severely wounded.
The white imp misses you.
Natasha zaps a wand.
The puff of flame hits you!
You die...
Your body disappears without a glow.

#.# ##.## #.##.##.#....#.#
#.###...###.##.#.###...#.#
#.##.....##.##...........#
#.........#.###.....รท..###
####.....##.###........##
##...###................
##.####5.##.......#####
#.....5.##....>..#
#....sh...).....(...
#.......########...#
#...........## ...#
#.......##...... ..#
#.......##...### ##
#.........# #..
######..##.#. ##
#........... #.##..######


You could see an iron imp (summoned), Natasha (very poisoned) and a white imp
(summoned).

Vanquished Creatures
  Natasha (D:2)
  A gnoll (D:1)
  2 oozes
  2 worms (D:2)
  A dart slug (D:1)
  4 leopard geckos
  2 giant cockroaches (D:2)
  5 goblins
  6 hobgoblins
  9 jackals
  7 bats
  5 frilled lizards
  9 kobolds
  2 rats (D:2)
56 creatures vanquished.

Notes
Turn   | Place    | Note
-------+----------+-------------------------------------------
     0 | D:1      | mandarbmax the Draconian Transmuter began the quest for the
                  | Orb.
     0 | D:1      | Reached XP level 1. HP: 16/16 MP: 3/3
   163 | D:1      | Reached XP level 2. HP: 10/23 MP: 3/5
   542 | D:1      | Learned a level 2 spell: Wereblood
   750 | D:1      | Reached XP level 3. HP: 15/28 MP: 2/6
  1536 | D:2      | Learned a level 3 spell: Spider Form
  1656 | D:2      | Found a sparkling altar of Nemelex Xobeh.
  1731 | D:2      | Became a worshipper of Nemelex Xobeh the Trickster
  1841 | D:2      | Reached XP level 4. HP: 35/35 MP: 5/7
  2106 | D:2      | Noticed Natasha
  2177 | D:2      | Killed Natasha
  2456 | D:2      | Noticed Natasha
  2464 | D:2      | HP: 1/35 [Natasha/puff of flame (11)]
  2467 | D:2      | Killed from afar by Natasha

Illustrated notes

Levels and vault maps discovered:
D:1:      dpeg_arrival_round_b, layout_basic
D:2:      layout_loops_ring, overflow_temple_1_default,
          kennysheep_cross_bottleneck, minmay_pentomino_z4, uniq_natasha

Skill      XL: |  1  2  3  4 |
---------------+-------------+-----
Dodging        | 2 |  2.0
Unarmed Combat | 4 |  4.0
Transmutations | 3 4 |  4.0
Fighting       | |  1.1
Spellcasting   | |  2.0

Action                   |  1- 3 |  4- 6 || total
-------------------------+-------+-------++-------
Melee: Unarmed           |   151 |    38 ||   189
       Headbutt          |    12 |     1 ||    13
       Kick              |    21 |     2 ||    23
       Tailslap          |    10 |     2 ||    12
       Punch             |     1 |       ||     1
 Cast: Beastly Appendage |    26 |     5 ||    31
       Wereblood         |     4 |     2 ||     6
       Spider Form       |     1 |     4 ||     5
  Use: Potion            |       |     4 ||     4
Armor: Skin              |    40 |    11 ||    51
Dodge: Dodged            |   115 |    35 ||   150

Table legend: (Time is in decaauts)
 A = Elapsed time spent in this place.
 B = Non-inter-level travel time spent in this place.
 C = Inter-level travel time spent in this place.
 D = Time resting spent in this place.
 E = Time spent auto-exploring this place.
 F = Levels seen in this place.
 G = Mean time per level.
                   A        B        C        D        E       F      G
               +--------+--------+--------+--------+--------+-----+--------+
         Total |   2464 |   2434 |     30 |    873 |   1136 |   2 | 1232.0 |
       Dungeon |   2464 |   2434 |     30 |    873 |   1136 |   2 | 1232.0 |
               +--------+--------+--------+--------+--------+-----+--------+

Top non-repeatable levels by time:
     D:1: 1518 daAuts
     D:2: 945 daAuts
